 Dungeon Crawl Stone Soup version 0.27-a0-705-ga0013940fb (webtiles) character file.

Game seed: 2585522955191916849

15 jestyr24 the Conjurer (level 2, -6/19 HPs)
             Began as a Demonspawn Conjurer on Mar 22, 2021.
             Mangled by Terence
             ... wielding a +0 flail
              (8 damage)
             ... on level 1 of the Dungeon.
             The game lasted 00:06:44 (1120 turns).

jestyr24 the Conjurer (Demonspawn Conjurer)         Turns: 1120, Time: 00:06:44

Health: -6/19      AC:  4    Str:  7    XL:     2   Next: 34%
Magic:  0/5        EV: 12    Int: 19    God:
Gold:   57         SH:  0    Dex: 11    Spells: 2/5 levels left

rFire    . . .     SeeInvis .   e - +3 hand axe
rCold    . . .     Faith    .   (no shield)
rNeg     . . .     Spirit   .   a - +0 robe
rPois    .         Reflect  .   (no helmet)
rElec    .         Harm     .   (no cloak)
rCorr    .         Rampage  .   (no gloves)
Will     .....                  (no boots)
Stlth    ++........             (no amulet)
HPRegen  0.06/turn              (no ring)
MPRegen  0.09/turn              (no ring)

@: no status effects
A: slimy green scales 1
a: no special abilities


You were on level 1 of the Dungeon.
You visited 1 branch of the dungeon, and saw 2 of its levels.

You collected 57 gold pieces.

Inventory:

Hand Weapons
 b - a +0 club
 c - a +0 short sword
 e - a +3 hand axe (weapon)
Armour
 a - a +0 robe (worn)
Scrolls
 f - a scroll of teleportation {unknown}
 h - a scroll of identify {unknown}
Potions
 d - a potion of berserk rage {unknown}
 g - a potion of heal wounds {unknown}
 i - a potion of curing {unknown}


   Skills:
 + Level 1.7 Dodging
 + Level 1.8 Stealth
 + Level 0.3 Unarmed Combat
 + Level 2.1 Spellcasting
 + Level 4.4 Conjurations


You had 2 spell levels left.
You knew the following spells:

 Your Spells              Type           Power      Damage    Failure   Level
a - Magic Dart            Conj           72%        1d6       2%          1
b - Searing Ray           Conj           36%        3d4       4%          2

Your spell library contained the following spells:

 Spells                   Type           Power      Damage    Failure   Level
 Blink                    Tloc           N/A        N/A       26%         2
 Call Imp                 Summ           2%         N/A       26%         2
 Slow                     Hex            2%         N/A       26%         2
 Conjure Flame            Conj/Fire      10%        6-21      21%         3
 Dazzling Flash           Conj/Hex       20%        N/A       21%         3
 Mephitic Cloud           Conj/Pois/Air  7%         N/A       26%         3
 Fulminant Prism          Conj/Hex       5%         3d7       54%         4
 Iskenderun's Mystic Bla  Conj/Tloc      10%        2d4       54%         4


Dungeon Overview and Level Annotations

Branches:
Dungeon (2/15)

Altars:

Annotations:
D:1 Terence
D:2 Sigmund


Innate Abilities, Weirdness & Mutations

You are partially covered in slimy green scales. (AC +2)


Message History

Things that are here:
a giant cockroach corpse; a ball python corpse Terence the Incautious comes into view.
He is wielding a +0 flail and wearing a +0 scale mail of cold resistance.
Terence shouts!
Sigmund shouts!
Sigmund points at himself and mumbles some strange words.
Sigmund flickers and vanishes!
Deactivating autopickup; reactivate with Ctrl-A.
Found a stone staircase leading down.
There is a stone staircase leading up here.
Casting: Magic Dart (safe; 2% risk of failure)
Confirm with . or Enter, or press ? or * to list all spells.
Aiming: Searing Ray (safe; 4% risk of failure)
Press: ? - help, Shift-Dir - straight line, f - Terence
Aim: Terence, wielding a +0 flail and wearing a +0 scale mail of cold resistance (19% to evade)
The searing ray hits Terence.
Terence is lightly wounded. (Press . to maintain the ray.)
The searing ray hits Terence!
Terence is heavily wounded.
The searing ray hits Terence but does no damage.
Terence is heavily wounded.
The searing ray hits Terence.
Terence is severely wounded.
You finish channeling your searing ray.
Terence barely misses you. Terence hits you with a +0 flail.
You climb upwards.
Reactivating autopickup.
There is a stone staircase leading down here.
You hit Terence but do no damage.
Terence is severely wounded.
Terence barely misses you. Terence closely misses you.
You hit Terence.
Terence is almost dead.
Terence hits you with a +0 flail!
Ouch! That really hurt!
* * * LOW HITPOINT WARNING * * *
You barely miss Terence.
Terence is severely wounded.
Terence hits you with a +0 flail!
You die...

.#.....# #.# #.... ....##.# #.#
#.#.# ######.#### ##.## #.#.#
#........# #...# #.#..
##..##.#..# #...#########.###
.#..##.#..# #.........#.#.###
.#..#..#..# ##...#####.......#
.#..#.##.##### #.@......#..##.#.#
..>......#8.8###@...........#.(.#
.##...........##........#...#.#.#
.##...........###...#####.....#.#
.#.........8..###...............#
##....#.......8##...#######......
#....>.......<##...# ###.###
#............8###.## #.###
##.........8..###...# #....
..............###...### #####


You could see Terence.

Vanquished Creatures
  A bat (D:1)
  2 giant cockroaches
  3 hobgoblins
  2 kobolds
  An ooze (D:1)
  A ball python (D:2)
  2 goblins (D:1)
  A rat (D:1)
13 creatures vanquished.

Notes
Turn   | Place    | Note
-------+----------+-------------------------------------------
     0 | D:1      | jestyr24 the Demonspawn Conjurer began the quest for the
                  | Orb.
     0 | D:1      | Reached XP level 1. HP: 13/13 MP: 3/3
   555 | D:1      | Gained mutation: You are partially covered in slimy green
                  | scales. (AC +2) [demonic ancestry]
   555 | D:1      | Reached XP level 2. HP: 13/19 MP: 5/5
  1052 | D:2      | Noticed Sigmund
  1057 | D:2      | Learned a level 2 spell: Searing Ray
  1088 | D:2      | Noticed Terence
  1120 | D:1      | Mangled by Terence

Illustrated notes

Levels and vault maps discovered:
D:1:      mrwooster_arrival_statue_2, layout_loops_cross
D:2:      layout_basic, serial_shops, shop, uniq_terence, uniq_sigmund,
          uniq_jessica

Action                   || total
-------------------------++-------
Melee: Unarmed           ||     7
       Hand axe          ||    18
 Cast: Magic Dart        ||    10
       Searing Ray       ||     1
Armor: Robe              ||     8
Dodge: Dodged            ||    12

Table legend: (Time is in decaauts)
 A = Elapsed time spent in this place.
 B = Non-inter-level travel time spent in this place.
 C = Inter-level travel time spent in this place.
 D = Time resting spent in this place.
 E = Time spent auto-exploring this place.
 F = Levels seen in this place.
 G = Mean time per level.
                   A        B        C        D        E       F      G
               +--------+--------+--------+--------+--------+-----+--------+
         Total |   1124 |   1107 |     17 |    320 |    546 |   2 |  562.0 |
       Dungeon |   1124 |   1107 |     17 |    320 |    546 |   2 |  562.0 |
               +--------+--------+--------+--------+--------+-----+--------+

Top non-repeatable levels by time:
     D:1: 869 daAuts
     D:2: 254 daAuts
